 Dungeon Crawl Stone Soup version 0.28.0-43-g3370ac3207 (webtiles) character file.

Game seed: 3726744574938820416

8111 Faeu the Blocker (level 11, -3/101 HPs)
             Began as a Minotaur Fighter on Mar 25, 2022.
             Was a Priest of Trog.
             Slain by a spriggan
             ... wielding the +6 trident "Ireoga" {flame, Str+4}
              (10 damage)
             ... on level 9 of the Dungeon.
             The game lasted 00:54:42 (12193 turns).

Faeu the Blocker (Minotaur Fighter)                Turns: 12193, Time: 00:54:43

Health: -3/101     AC: 14    Str: 31    XL:     11   Next: 5%
Magic:  19/19      EV: 24    Int:  1    God:    Trog [***...]
Gold:   558        SH: 12    Dex: 17    Spells: 10/10 levels left

rFire   + + .      SeeInvis +   v - +2 falchion (holy) {long}
rCold   x . .      Faith    .   L - +0 kite shield
rNeg    . . .      Spirit   .   w - +1 ring mail {rF+}
rPois   .          Reflect  .   (helmet restricted)
rElec   .          Harm     .   p - +2 cloak
rCorr   .          Rampage  .   H - +0 pair of gloves
Will    .....                   E - +0 pair of boots "Maemimpi" {MP+9 Int-4 Dex+7 SInv}
Stlth   +.........              b - amulet of the acrobat
HPRegen 0.26/turn               A - ring of fire
MPRegen 0.16/turn               K - +6 ring of strength

@: acrobatic
A: horns 2, retaliatory headbutt
a: Renounce Religion, Berserk, Trog's Hand


You were on level 9 of the Dungeon.
You worshipped Trog.
Trog was most pleased with you.
You visited 2 branches of the dungeon, and saw 10 of its levels.

You collected 558 gold pieces.


Innate Abilities, Weirdness & Mutations

You have a pair of horns on your head.
You reflexively headbutt those who attack you in melee.


   Skills:
 + Level 10.9 Fighting
 + Level 10.5 Long Blades
 + Level 10.9 Armour
 + Level 10.9 Shields


You had 10 spell levels left.
You didn't know any spells.
Your spell library contained the following spells:

 Spells                   Type           Power      Damage    Failure   Level
 Apportation              Tloc           0%         N/A       89%         1
 Sting                    Tmut/Pois      0%         1d3       89%         1
 Poisonous Vapours        Pois/Air       0%         N/A       96%         2
 Static Discharge         Conj/Air       0%         N/A       96%         2
 Frozen Ramparts          Ice            0%         1d2       99%         3
 Inner Flame              Hex/Fire       0%         N/A       99%         3
 Cause Fear               Hex            0%         N/A       100%        4
 Ice Form                 Ice/Tmut       0%         N/A       100%        4
 Olgreb's Toxic Radiance  Pois           0%         N/A       100%        4
 Summon Ice Beast         Ice/Summ       0%         N/A       100%        4
 Alistair's Intoxication  Tmut/Pois      0%         N/A       100%        5
 Lightning Bolt           Conj/Air       0%         1d11      100%        5
 Discord                  Hex            0%         N/A       100%        8
 Maxwell's Capacitive Co  Air            0%         ∞         100%        8

Inventory:

Hand Weapons
 i - the +4 short sword of Dividends {drain, Int+4, short}
   (You took it off an orc on level 7 of the Dungeon)

   A truly terrible weapon, it drains the life of any living foe it strikes.
   Int:       It affects your intelligence (+4).
 j - a +2 whip of electrocution {mace}
   (You took it off an orc on level 3 of the Dungeon)
 v - a +2 falchion of holy wrath (weapon) {long}
   (You took it off an orc on level 6 of the Dungeon)
 M - a +3 great sword {long}
   (You took it off a wight on level 7 of the Dungeon)
 N - a +4 hand axe of venom {axe}
   (You took it off an orc on level 8 of the Dungeon)
Missiles
 u - 13 boomerangs (quivered) {throwing}
Armour
 p - a +2 cloak (worn)
   (You took it off Crazy Yiuf on level 2 of the Dungeon)
 w - a +1 ring mail of fire resistance (worn)
   (You took it off an orc on level 6 of the Dungeon)
 E - the +0 pair of boots "Maemimpi" (worn) {MP+9 Int-4 Dex+7 SInv}
   (You found it on level 5 of the Dungeon)

   Int:       It affects your intelligence (-4).
   Dex:       It affects your dexterity (+7).
   MP:        It affects your magic capacity (+9).
   SInv:      It lets you see invisible.
 H - a +0 pair of gloves (worn)
   (You found it on level 6 of the Dungeon)
 L - a +0 kite shield (worn)
   (You found it on level 8 of the Dungeon)
 P - a +0 pair of boots
   (You found it on level 9 of the Dungeon)
Jewellery
 b - an amulet of the acrobat (around neck)
   (You took it off an orc on level 8 of the Dungeon)
 A - a ring of fire (left hand)
   (You found it on level 5 of the Dungeon)
 K - a +6 ring of strength (right hand)
   (You found it on level 6 of the Dungeon)
Wands
 c - a wand of polymorph (10)
   (You found it on level 8 of the Dungeon)
 q - a wand of paralysis (11)
   (You found it on level 4 of the Dungeon)
 Q - a wand of acid (1)
   (You found it on level 9 of the Dungeon)
Scrolls
 k - a scroll of silence {unknown}
 m - a scroll of blinking {!r}
 r - 2 scrolls of vulnerability {!r!r}
 s - 3 scrolls of fear
 y - a scroll of enchant weapon {unknown}
 B - 2 scrolls of enchant armour {unknown}
 C - 3 scrolls of fog
 D - 2 scrolls of immolation {unknown}
 G - 5 scrolls of magic mapping {!r}
 I - a scroll of teleportation {unknown}
Potions
 d - 2 potions of might
 f - 2 potions of invisibility
 g - 5 potions of curing {@q1}
 h - 3 potions of flight {unknown}
 l - 2 potions of degeneration {unknown}
 n - 2 potions of magic
 o - 2 potions of brilliance {unknown}
 t - 2 potions of mutation {unknown}
 x - a potion of ambrosia {unknown}
 z - a potion of cancellation {unknown}
 F - 2 potions of haste {unknown}
 J - 3 potions of heal wounds {unknown}

Dungeon Overview and Level Annotations

Branches:
Dungeon (9/15)             Temple (1/1) D:4
   Lair: D:8-11         Orc: D:9-12

Altars:
Ashenzari
Dithmenos
Elyvilon
Fedhas
Gozag
Makhleb
Okawaru
Qazlal
Ru
Trog
Uskayaw
Vehumet
Wu Jian
Xom

#.## #.....'..# #........ #..#
#.....##.## #........ ##.##
#.....##..####........ #..#
#.....###....#........ ##.#
#.....# ####.'........ ###
#.....# ###........ ♣♣♣♣ #.....#
######'## ♣♣♣... ###...## #...#
♣....♣♣ ####@.## #####.####
♣...!$♣♣♣ #......# #.........
♣♣..§♣§..♣ #..ii..#####.........
♣.♣♣§§§..♣♣#...i..'...#.........
♣.###§###.♣#......###.#)........
##8§§§8####......# #.#.........
###§§§§§..#........#
#.#.>.......
...#§§§####........#
#........... .###i§## #........#
###.........


You could see 3 spriggans.


Message History

You slash the spriggan! Your headbutt misses the spriggan.
The spriggan hits you with the +6 trident "Ireoga" {flame, Str+4}!
* * * LOW HITPOINT WARNING * * *
The spriggan burns you.
* * * LOW HITPOINT WARNING * * *
You block the spriggan's attack. x2 😨 HP[-8]
You take 8 damage, and now have 29/101 hp.
The spriggan barely misses you. You block the spriggan's attack. x2
The spriggan closely misses you.
The spriggan hits you from afar with a +0 spear!
* * * LOW HITPOINT WARNING * * *
😱 HP[-11]
You take 11 damage, and now have 18/101 hp.
You block the spriggan's attack. x3; The spriggan closely misses you. 😱 MP[+1]
You slash the spriggan! You block the spriggan's attack. x2
The spriggan hits you with a +0 spear.
* * * LOW HITPOINT WARNING * * *
You block the spriggan's attack. 😱 HP[-3]
You take 3 damage, and now have 15/101 hp.
As you read the scroll of fog, it crumbles to dust.
The scroll dissolves into smoke.
The spriggan hits you from afar with a +0 trident!
* * * LOW HITPOINT WARNING * * *
You block the spriggan's attack.
The spriggan hits you from afar with a +0 trident.
* * * LOW HITPOINT WARNING * * *
The spriggan closely misses you. 😱 HP[-12]
You take 12 damage, and now have 3/101 hp.
You block the wolf's attack.
The spriggan hits you but does no damage.
You block the spriggan's attack. The wolf barely misses you.
You furiously retaliate!
You headbutt the wolf, but do no damage.
The spriggan closely misses you. x2; You block the wolf's attack.
The spriggan barely misses you. 😱 HP[+1] MP[+1]
You block the wolf's attack. The spriggan misses you. x2
You block the wolf's attack. The spriggan closely misses you.
The spriggan barely misses you. The wolf barely misses you.
The spriggan barely misses you. The wolf bites you but does no damage.
The spriggan misses you.
The spriggan hits you from afar with a +0 spear.
* * * LOW HITPOINT WARNING * * *
😱 HP[-3]
You take 3 damage, and now have 1/101 hp.
You feel better. You block the wolf's attack. The wolf misses you.
You furiously retaliate!
You headbutt the wolf! You block the spriggan's attack.
The spriggan hits you but does no damage.
The wolf closely misses you. You furiously retaliate!
You headbutt the wolf! 😱 HP[+8] MP[+1]
You regained 8 hp, and now have 9/101 hp.
You block the wolf's attack. The spriggan closely misses you.
You block the wolf's attack. You block the wolf's attack.
You block the spriggan's attack. 😱 HP[+1]
You block the wolf's attack. You block the spriggan's attack.
The wolf misses you. You furiously retaliate!
You headbutt the wolf.
You kill the wolf!
Trog accepts your kill.
Blink to where?
Press: ? - help, Dir - move target
As you read the scroll of blinking {!r}, it crumbles to dust. 😱 HP[+1] MP[+1] 😱 HP[+1]
The spriggan hits you but does no damage.
You feel yourself speed up.
The spriggan hits you but does no damage. 😱 HP[+1] MP[+1]
You block the spriggan's attack.
The spriggan closely misses you. 😱 HP[+1] 😱 MP[+1]
Your mp is fully restored (19).
You see here 14 stones {throwing}.
The spriggan barely misses you. You block the spriggan's attack.
There is an open door here. 😱 HP[+1]
You recover from your berserk rage.
The spriggan barely misses you.
You block the spriggan's attack. 😱 HP[+1]
The spriggan hits you from afar with the +6 trident "Ireoga" {flame, Str+4}.
* * * LOW HITPOINT WARNING * * *
😱 HP[-5]
You take 5 damage, and now have 11/101 hp.
You block the spriggan's attack.
The spriggan hits you from afar with the +6 trident "Ireoga" {flame, Str+4}.
* * * LOW HITPOINT WARNING * * *
You block the spriggan's attack. 😱 HP[-4]
You take 4 damage, and now have 7/101 hp.
You block the spriggan's attack.
The spriggan hits you from afar with the +6 trident "Ireoga" {flame, Str+4}!
You die...

Skill      XL: |  1  2  3  4  5  6  7  8  9 10 |
---------------+-------------------------------+-----
Shields        | 4 5 6 7 9 10 | 10.9
Fighting       | 4 5 6 7 9 10 | 10.9
Armour         | 4 5 6 7 9 10 | 10.9
Long Blades    | 3 4 5 6 7 9 10 | 10.5

Action                   |  1- 3 |  4- 6 |  7- 9 | 10-12 || total
-------------------------+-------+-------+-------+-------++-------
Melee: Long sword        |   108 |       |       |       ||   108
       Headbutt          |    16 |     7 |    54 |    42 ||   119
       Short sword       |     8 |    92 |   223 |    29 ||   352
       Falchion          |       |       |    93 |   199 ||   292
Throw: Boomerang         |       |     2 |    20 |     4 ||    26
Invok: Berserk           |       |       |       |     1 ||     1
  Use: Potion            |       |     1 |       |     2 ||     3
       Scroll            |       |       |     4 |     8 ||    12
Armor: Scale mail        |    67 |    40 |    36 |       ||   143
       Ring mail         |       |       |    86 |    64 ||   150
Dodge: Dodged            |    38 |    21 |   116 |    90 ||   265
Block: Buckler           |    24 |    18 |    90 |    20 ||   152
       Kite shield       |       |       |       |   131 ||   131

Levels and vault maps discovered:
D:1:      dpeg_arrival_subterranean_lakeside_camping, layout_loops_ring,
          serial_forest, infiniplex_forest_clump_small, infiniplex_forest_pool,
          infiniplex_forest_straight_2, infiniplex_forest_pool,
          infiniplex_forest_end_2, infiniplex_forest_lined_1,
          infiniplex_forest_lined_room_3
D:2:      layout_rooms, minmay_rat_hole, uniq_crazy_yiuf_cottage
D:3:      layout_basic, minmay_goblin_kobold_house, uniq_sigmund, uniq_grinder
D:4:      layout_cave_pods, minmay_temple_entry_poolview, portal_sewer_entry_e
D:5:      layout_loops_corners
D:6:      layout_cave_pools, old_standard_altar, grunt_ministairs_12
D:7:      layout_basic, minmay_misc_feat_alley
D:8:      layout_basic, minitemple, special_room [special_room_orc],
          minmay_diced_spiral
D:9:      layout_roguey, ebering_ghost_funeral_grove
Temple:   regret_index_temple_sphere_string

Notes
Turn   | Place    | Note
-------+----------+-------------------------------------------
     0 | D:1      | Faeu the Minotaur Fighter began the quest for the Orb.
     0 | D:1      | Reached XP level 1. HP: 19/19 MP: 0/0
     0 | D:1      | magus.rc [v1.9.6]
   144 | D:1      | Reached XP level 2. HP: 27/27 MP: 1/1
   647 | D:1      | Reached skill level 4 in Shields
   651 | D:1      | Reached skill level 4 in Fighting
   651 | D:1      | Reached skill level 4 in Armour
   739 | D:1      | Reached skill level 3 in Long Blades
   781 | D:1      | Reached XP level 3. HP: 31/33 MP: 2/2
  1307 | D:2      | Identified the +5 short sword of Suarhod {drain, *Corrode
                  | Str+6}
  1706 | D:2      | Found a runed translucent door.
  1707 | D:2      | Noticed Crazy Yiuf
  1835 | D:2      | Reached XP level 4. HP: 39/40 MP: 3/3
  1841 | D:2      | magus.rc [v1.9.6]
  2038 | D:2      | Killed Crazy Yiuf
  2349 | D:3      | Reached XP level 5. HP: 42/47 MP: 4/4
  2539 | D:3      | You fall into a shaft and drop 3 floors!
  2543 | D:6      | Reached skill level 4 in Long Blades
  2561 | D:6      | magus.rc [v1.9.6]
  2568 | D:6      | Reached skill level 5 in Armour
  2602 | D:6      | Reached skill level 5 in Shields
  2614 | D:6      | Reached skill level 5 in Fighting
  2617 | D:6      | magus.rc [v1.9.6]
  2707 | D:6      | Reached XP level 6. HP: 46/56 MP: 5/5
  2798 | D:6      | Noticed an orc warrior
  2812 | D:6      | HP: 13/56 [orc warrior/+0 dire flail (11)]
  2835 | D:6      | Killed an orc warrior
  2836 | D:6      | Reached skill level 5 in Long Blades
  2836 | D:6      | Reached XP level 7. HP: 19/62 MP: 6/6
  2842 | D:7      | Reached skill level 6 in Armour
  2843 | D:7      | Reached skill level 6 in Shields
  2846 | D:7      | Reached skill level 6 in Fighting
  3100 | D:5      | Entered Level 5 of the Dungeon
  3211 | D:5      | You pick up a book of Party Tricks and begin reading...
  3211 | D:5      | You add the spells Apportation and Alistair's Intoxication
                  | to your library.
  3377 | D:5      | Reached skill level 6 in Long Blades
  3377 | D:5      | Reached XP level 8. HP: 66/71 MP: 7/7
  3671 | D:5      | Identified the +0 pair of boots "Maemimpi" {MP+9 Int-4
                  | Dex+7 SInv}
  4110 | D:3      | Reached skill level 7 in Armour
  4215 | D:3      | Noticed Grinder
  4216 | D:3      | Noticed Sigmund
  4227 | D:3      | Paralysed by Grinder for 2 turns
  4230 | D:3      | Killed Grinder
  4231 | D:3      | Reached skill level 7 in Fighting
  4231 | D:3      | Reached skill level 7 in Shields
  4235 | D:3      | Killed Sigmund
  4988 | D:4      | Reached skill level 7 in Long Blades
  5181 | D:4      | magus.rc [v1.9.6]
  5438 | D:4      | Reached XP level 9. HP: 81/81 MP: 8/8
  5452 | D:4      | Found a staircase to the Ecumenical Temple.
  5462 | Temple   | Entered the Ecumenical Temple
  5565 | D:4      | Reached skill level 8 in Armour
  5646 | D:4      | Reached skill level 8 in Fighting
  5747 | D:4      | Reached skill level 8 in Shields
  5996 | Temple   | magus.rc [v1.9.6]
  5996 | Temple   | Became a worshipper of Trog the Wrathful
  6520 | D:6      | You pick up a book of Rime {forbidden} and begin reading...
  6520 | D:6      | You add the spells Frozen Ramparts, Ice Form and Summon Ice
                  | Beast to your library.
  6685 | D:6      | You add the spells Sting, Poisonous Vapours and Olgreb's
                  | Toxic Radiance to your library.
  6687 | D:6      | Found a burning altar of Makhleb.
  7274 | D:7      | Reached skill level 8 in Long Blades
  7467 | D:7      | Reached * piety under Trog
  7960 | D:7      | Reached skill level 9 in Armour
  7960 | D:7      | Reached skill level 9 in Shields
  8174 | D:7      | You pick up a book of Hexes {forbidden} and begin
                  | reading...
  8174 | D:7      | You add the spells Inner Flame, Cause Fear and Discord to
                  | your library.
  8223 | D:7      | Identified the +4 short sword of Dividends {drain, Int+4}
  8265 | D:7      | Reached skill level 9 in Fighting
  8626 | D:8      | Reached skill level 9 in Long Blades
  8626 | D:8      | Reached XP level 10. HP: 91/91 MP: 9/9
  8654 | D:8      | Reached ** piety under Trog
  8664 | D:8      | HP: 14/91 [vampire (10)]
  8665 | D:8      | HP: 4/91 [vampire (10)]
  9079 | D:8      | You pick up a book of Lightning {forbidden} and begin
                  | reading...
  9079 | D:8      | You add the spells Static Discharge, Lightning Bolt and
                  | Maxwell's Capacitive Coupling to your library.
  9932 | D:8      | Reached skill level 10 in Armour
  9932 | D:8      | Reached skill level 10 in Shields
 10147 | D:8      | Reached skill level 10 in Fighting
 10360 | D:8      | Found a hide-covered altar of Uskayaw.
 10558 | D:8      | Found a sacrificial altar of Ru.
 10560 | D:8      | Found a white marble altar of Elyvilon.
 10561 | D:8      | Found an opulent altar of Gozag.
 10562 | D:8      | Found a radiant altar of Vehumet.
 10621 | D:9      | Noticed a two-headed ogre
 10629 | D:9      | HP: 20/93 [two-headed ogre/+0 giant spiked club (18)]
 10631 | D:9      | Killed a two-headed ogre
 10631 | D:9      | Reached *** piety under Trog
 11018 | D:9      | Paralysed by a hornet for 1 turns
 11055 | D:9      | Reached skill level 10 in Long Blades
 11417 | D:9      | Found a runed translucent door.
 11419 | D:9      | Noticed Sobaton's ghost (journeyman DDFi)
 11422 | D:9      | Identified the +6 trident "Ireoga" {flame, Str+4}
 11715 | D:9      | Noticed a two-headed ogre
 11724 | D:9      | Killed a two-headed ogre
 12148 | D:9      | Killed Sobaton's ghost
 12149 | D:9      | Reached XP level 11. HP: 101/101 MP: 10/10
 12157 | D:9      | HP: 18/101 [spriggan/+0 spear (12)]
 12160 | D:9      | HP: 7/101 [spriggan/+0 trident (9)]
 12160 | D:9      | HP: 3/101 [spriggan/+0 trident (4)]
 12165 | D:9      | HP: 1/101 [spriggan/+0 spear (4)]
 12188 | D:9      | HP: 11/101 [spriggan/the +6 trident "Ireoga" {flame, Str+4}
                  | (5)]
 12193 | D:9      | Slain by a spriggan

Vanquished Creatures
  The ghost of Sobaton the Severer, a journeyman DDFi of Okawaru (D:9)
  2 two-headed ogres (D:9)
  A hornet (D:9)
  Grinder (D:3)
  Sigmund (D:3)
  A vampire (D:8)
  6 yaks
  2 steam dragons
  3 water moccasins
  8 orc warriors
  3 necrophages
  A black bear (D:4)
  2 wolves (D:9)
  An ogre (D:4)
  2 ice beasts (D:7)
  2 centaurs
  2 phantoms
  A kobold brigand (D:8)
  5 bullfrogs
  A scorpion (D:4)
  2 wyvern skeletons
  4 killer bees (D:8)
  5 wights (D:7)
  2 centaur zombies
  2 jellies (D:5)
  9 orc priests
  A bullfrog skeleton (D:4)
  3 hounds
  Crazy Yiuf (D:2)
  A gnoll shaman (D:6)
  4 centaur skeletons
  4 iguanas
  10 orc wizards
  A killer bee zombie (D:7)
  A hound skeleton (D:4)
  3 howler monkey zombies
  6 adders
  4 gnolls (D:6)
  2 howler monkey skeletons (D:6)
  2 river rats (D:4)
  A shadow imp (D:7)
  An ufetubus (D:5)
  An adder skeleton (D:4)
  2 worms
  3 dart slugs
  53 orcs
  3 endoplasms
  5 giant cockroaches
  9 goblins
  9 hobgoblins
  9 jackals
  14 kobolds
  7 quokkas
  4 ball pythons
  7 bats
  4 frilled lizards
  30 rats
275 creatures vanquished.

Vanquished Creatures (others)
  A fungus (D:9)
  5 plants
6 creatures vanquished.

Grand Total: 281 creatures vanquished

Table legend:
 A = Non-vault XP
 B = Vault XP
 C = Vault XP percentage of total XP
 D = Non-vault monster count
 E = Vault monster count
 F = Vault count percentage of total count
                 A         B        C        D         E       F
            +---------+---------+-------+---------+---------+-------
      Total |    8477 |    3111 |  26.8 |     200 |      75 |  27.3
            +---------+---------+-------+---------+---------+-------
        D:1 |      34 |       8 |  19.0 |      20 |       6 |  23.1
        D:2 |      42 |      59 |  58.4 |      21 |      20 |  48.8
        D:3 |     131 |     493 |  79.0 |      21 |       4 |  16.0
        D:4 |     633 |      44 |   6.5 |      26 |       8 |  23.5
        D:5 |     611 |       0 |   0.0 |      19 |       0 |   0.0
        D:6 |     511 |     215 |  29.6 |      19 |       4 |  17.4
        D:7 |    1830 |       0 |   0.0 |      29 |       0 |   0.0
        D:8 |    1825 |    1162 |  38.9 |      28 |      30 |  51.7
        D:9 |    2860 |    1130 |  28.3 |      17 |       3 |  15.0
            +---------+---------+-------+---------+---------+-------

Illustrated notes

Table legend:
 A = Kills in this place as a percentage of kills in entire the game.
 B = Kills by you in this place as a percentage of kills by you in the entire game.
 C = Kills by friends in this place as a percentage of kills by friends in the entire game.
 D = Other kills in this place as a percentage of other kills in the entire game.
 E = Experience gained in this place as a percentage of experience gained in the entire game.
 F = Experience gained in this place divided by the number of levels of this place that you have seen.
                   A       B       C       D       E      F
               +-------+-------+-------+-------+-------+----------------------
         Total | 100.0 | 100.0 |   N/A |   N/A | 100.0 | 1158.8
       Dungeon | 100.0 | 100.0 |   N/A |   N/A | 100.0 | 1287.6
               +-------+-------+-------+-------+-------+----------------------

Table legend: (Time is in decaauts)
 A = Elapsed time spent in this place.
 B = Non-inter-level travel time spent in this place.
 C = Inter-level travel time spent in this place.
 D = Time resting spent in this place.
 E = Time spent auto-exploring this place.
 F = Levels seen in this place.
 G = Mean time per level.
                   A        B        C        D        E       F      G
               +--------+--------+--------+--------+--------+-----+--------+
         Total |  12216 |  11612 |    604 |   1165 |   7633 |  10 | 1221.6 |
       Dungeon |  12157 |  11571 |    586 |   1165 |   7633 |   9 | 1350.8 |
        Temple |     59 |     41 |     18 |      0 |      0 |   1 |   59.0 |
               +--------+--------+--------+--------+--------+-----+--------+

Top non-repeatable levels by time:
     D:8: 2194 daAuts
     D:7: 1882 daAuts
     D:9: 1571 daAuts
     D:2: 1285 daAuts
     D:3: 1166 daAuts
     D:4: 1102 daAuts
     D:1: 1076 daAuts
     D:6: 967 daAuts
     D:5: 910 daAuts
  Temple: 59 daAuts
